 Dungeon Crawl Stone Soup version 0.28.0-45-g0d030f2227 (webtiles) character file.

Game seed: 9473127874232509743

36 MisterFreud the Slasher (level 3, 0/31 HPs)
             Began as a Palentonga Fighter on Apr 25, 2022.
             Slain by Sigmund
             ... wielding a +2 scythe of freezing
              (4 damage)
             ... on level 2 of the Dungeon.
             The game lasted 00:01:06 (1443 turns).

MisterFreud the Slasher (Palentonga Fighter)        Turns: 1443, Time: 00:01:06

Health: 0/31       AC:  6    Str: 21    XL:     3   Next: 19%
Magic:  3/3        EV:  7    Int:  8    God:
Gold:   26         SH:  0    Dex:  9    Spells: 2/2 levels left

rFire   . . .      SeeInvis +   a - +0 long sword
rCold   . . .      Faith    .   c - +0 buckler
rNeg    . . .      Spirit   .   b - +0 scale mail
rPois   .          Reflect  .   (no helmet)
rElec   .          Harm     .   (no cloak)
rCorr   .          Rampage  .   (no gloves)
Will    .....                   (no barding)
Stlth   ..........              (no amulet)
HPRegen 0.10/turn               (no ring)
MPRegen 0.08/turn               (no ring)

@: confused
A: large, rugged brown scales 3, see invisible, deformed body, roll 1, armoured
tail
a: Rolling Charge


You were on level 2 of the Dungeon.
You visited 1 branch of the dungeon, and saw 2 of its levels.

You collected 26 gold pieces.

Inventory:

Hand Weapons
 a - a +0 long sword (weapon)
Armour
 b - a +0 scale mail (worn)
 c - a +0 buckler (worn)
Jewellery
 k - a ring of magical power
Scrolls
 e - 2 scrolls of holy word {unknown}
 h - 2 scrolls of identify {unknown}
 i - a scroll of blinking {unknown}
Potions
 d - a potion of might
 f - a potion of brilliance {unknown}
 g - a potion of ambrosia {unknown}
 j - a potion of degeneration {unknown}
 l - a potion of invisibility {unknown}


   Skills:
 - Level 3.0 Fighting
 + Level 3.7 Long Blades
 - Level 2.4 Armour
 - Level 2.4 Shields


You had 2 spell levels left.
You didn't know any spells.
Your spell library was empty.

Dungeon Overview and Level Annotations

Branches:
Dungeon (2/15)

Altars:

Annotations:
D:2 Sigmund


Innate Abilities, Weirdness & Mutations

You are completely covered in rugged brown scales. (AC +3, +7% HP)
You have supernaturally acute eyesight. (SInv)
Armour fits poorly on your strangely shaped body.
You can roll at nearby foes to attack.
You have a long armoured tail.


Message History

You resist with significant effort. Sigmund casts a spell at you.
You resist with significant effort.
You hit Sigmund but do no damage.
Sigmund is lightly wounded.
Sigmund barely misses you.
You slash Sigmund!
You tail-slap Sigmund, but do no damage.
Sigmund is moderately wounded.
Sigmund gestures wildly while chanting.
Sigmund flickers and vanishes for a moment.
You hit Sigmund but do no damage.
Your tail-slap misses Sigmund.
Sigmund is moderately wounded.
Sigmund gestures at you while chanting. The puff of flame hits you.
You slash Sigmund!
Sigmund is severely wounded.
Sigmund barely misses you.
You barely miss Sigmund.
Sigmund is severely wounded.
Sigmund casts a spell at you.
You are confused.
You barely miss Sigmund.
Sigmund is severely wounded.
Sigmund points at you and mumbles some strange words.
The magic dart hits you.
You bump into the rock wall.
Sigmund hits you with a +2 scythe of freezing.
Sigmund freezes you.
You bump into the rock wall.
Sigmund hits you with a +2 scythe of freezing!
* * * LOW HITPOINT WARNING * * *
Sigmund freezes you.
* * * LOW HITPOINT WARNING * * *
You barely miss Sigmund.
Sigmund is severely wounded.
You closely miss Sigmund.
Sigmund is severely wounded.
Sigmund hits you with a +2 scythe of freezing.
You die...

.....# #.#.....# ##.....# .....#
#.#####.# #....... .....# #..
#.# #.....### .....#### #####
#.####.....# ####....# #..
#.#.....##.# #....# #.#
#.#......# #....# #.#
#.#......#.# #....# #@#
#.#.......... #....########@#
#.#..........#
#.............###.............
#....###..........#.#.........
#....##...........+.#.........
#####'###.........(.###.........
#.....# #...........# .........
#.....###...........# .......>.
#...................# .........
#............######## ......


You could see Sigmund (invisible).

Vanquished Creatures
  A dart slug (D:2)
  5 endoplasms
  A giant cockroach (D:2)
  2 goblins
  3 hobgoblins (D:1)
  2 jackals (D:1)
  2 kobolds
  2 quokkas
  2 ball pythons
  5 bats
  2 frilled lizards (D:1)
  3 rats
30 creatures vanquished.

Notes
Turn   | Place    | Note
-------+----------+-------------------------------------------
     0 | D:1      | MisterFreud the Palentonga Fighter began the quest for the
                  | Orb.
     0 | D:1      | Reached XP level 1. HP: 19/19 MP: 1/1
   123 | D:1      | Reached XP level 2. HP: 24/25 MP: 2/2
   333 | D:1      | Found a faded altar of an unknown god.
  1227 | D:2      | Reached XP level 3. HP: 30/31 MP: 3/3
  1428 | D:2      | Noticed Sigmund
  1443 | D:2      | Slain by Sigmund

Illustrated notes

Levels and vault maps discovered:
D:1:      dpeg_arrival_tiny_k, layout_basic,
          shapermc_ecumenical_altar_mp_ritualfount, minmay_cupped
D:2:      layout_basic, uniq_natasha, uniq_sigmund

Skill      XL: |  1  2 |
---------------+-------+-----
Long Blades    | 3 |  3.7
Fighting       | |  3.0
Armour         | |  2.4
Shields        | |  2.4

Action                   || total
-------------------------++-------
Melee: Long sword        ||    82
       Tailslap          ||     8
 Abil: Rolling Charge    ||    16
Armor: Scale mail        ||    42
Dodge: Dodged            ||    27
Block: Buckler           ||    10
